 Dungeon Sprint DCSS version 0.28-a0-297-g99b01970c5 (webtiles) character file.

Game seed: 5088229249798916305

0 Conn the Firebug (level 1, -3/11 HPs)
             Began as an Octopode Fire Elementalist on Aug 29, 2021.
             Slain by Jessica (4 damage)
             ... in the Dungeon (Sprint VI: "Thunderdome").
             The game lasted 00:00:21 (13 turns).

Conn the Firebug (Octopode Fire Elementalist)         Turns: 13, Time: 00:00:22

Health: -3/11      AC:  1    Str:  7    XL:     1   Next: 0%
Magic:  0/3        EV: 13    Int: 17    God:
Gold:   200        SH:  0    Dex: 12    Spells: 3/4 levels left

rFire   . . .      SeeInvis .   (no weapon)
rCold   . . .      Faith    .   (no shield)
rNeg    . . .      Spirit   .   (helmet restricted)
rPois   .          Reflect  .   (no amulet)
rElec   .          Harm     .   (no ring)
rCorr   .          Rampage  .   (no ring)
Will    .....      NoTele   +   (no ring)
Stlth   +++.......              (no ring)
HPRegen 0.03/turn               (no ring)
MPRegen 0.08/turn               (no ring)
                                (no ring)
                                (no ring)

@: no status effects
A: almost no armour, amphibious, 8 rings, camouflage 1, gelatinous body 1,
(nimble swimmer 1), tentacles
a: no special abilities


You were in the Dungeon.
You visited 1 branch You collected 200 gold pieces.

Inventory:

Wands
 g - a wand of acid (5)
 h - a wand of iceblast (5)
Scrolls
 f - 4 scrolls of blinking
 i - 3 scrolls of fog
Potions
 a - a potion of curing
 b - 4 potions of heal wounds
 c - 4 potions of haste
 d - 2 potions of magic
 e - a potion of berserk rage
 j - a potion of resistance


   Skills:
 + Level 2.0 Dodging
 + Level 2.6 Stealth
 + Level 2.0 Spellcasting
 + Level 1.0 Conjurations
 + Level 3.0 Fire Magic


You had 3 spell levels left.
You knew the following spells:

 Your Spells              Type           Power      Damage    Failure   Level
a - Foxfire               Conj/Fire      32%        2x1d5     9%          1

Your spell library contained the following spells:

 Spells                   Type           Power      Damage    Failure   Level
 Conjure Flame            Conj/Fire      8%         6-21      26%         3
 Inner Flame              Hex/Fire       6%         N/A       30%         3
 Sticky Flame             Conj/Fire      8%         2d3       63%         4
 Fireball                 Conj/Fire      4%         3d4       93%         5


Dungeon Overview and Level Annotations

Branches:
Dungeon (1/1)

Altars:
Dithmenos
Gozag
Ru
Trog
Xom
Yredelemnul

Shops:
D *[?*

Annotations:
D Jessica


Innate Abilities, Weirdness & Mutations

You cannot wear most types of armour.
You are amphibious.
You can wear up to eight rings at the same time.
Your skin changes colour to match your surroundings (Stealth+).
Your rubbery body absorbs attacks. (AC +1, EV +1)
((You are camouflaged near water. (Stealth+)))
You have tentacles for arms and can constrict up to eight enemies at once.


Message History

You conjure some foxfire!
The foxfire hits Jessica.
Jessica is moderately wounded.
The foxfire hits Jessica but does no damage.
Jessica is moderately wounded.
Unknown command.
Casting: Foxfire (safe; 9% risk of failure)
Confirm with . or Enter, or press ? or * to list all spells.
You conjure some foxfire!
The foxfire hits Jessica.
Jessica is heavily wounded.
The foxfire hits Jessica.
Jessica is heavily wounded.
Unknown command.
Casting: Foxfire (safe; 9% risk of failure)
Confirm with . or Enter, or press ? or * to list all spells.
You don't have enough magic to cast this spell.
Unknown command.
Found Larch's Premium Goods.
The foxfire hits Jessica but does no damage.
Jessica is heavily wounded.
The foxfire hits Jessica.
Jessica is severely wounded.
Jessica hits you with a +0 club.
Unknown command.
You tentacle-slap Jessica. You grab Jessica.
Jessica is almost dead.
You constrict Jessica, but do no damage.
Jessica closely misses you.
You tentacle-slap Jessica but do no damage.
Jessica is almost dead.
You constrict Jessica, but do no damage.
Jessica hits you with a +0 club.
Ouch! That really hurt!
* * * LOW HITPOINT WARNING * * *
Unknown command.
You tentacle-slap Jessica but do no damage.
You squeeze Jessica.
Jessica is almost dead.
You constrict Jessica, but do no damage.
Jessica hits you with a +0 club.
You die...

##.___...... .....
#∩........8. .8..
............###..
.........# #...#
.........# #.<.#
.........###...#
............###.....
#∩........8.# .8...
##∩_....@...# .....
######@8.........8.#
#§...........⌠#
###.........###
#_....... #_.......
#........ ∩......


You could see Jessica.

Vanquished Creatures (others)
  6 foxfires (D)
6 creatures vanquished.

Notes
Turn   | Place    | Note
-------+----------+-------------------------------------------
     0 | D        | Conn the Octopode Fire Elementalist began the quest for the
                  | Orb.
     0 | D        | Reached XP level 1. HP: 11/11 MP: 3/3
     1 | D        | Found a sacrificial altar of Ru.
     2 | D        | Found an opulent altar of Gozag.
     3 | D        | Found a shimmering altar of Xom.
     3 | D        | Found a bloodstained altar of Trog.
     4 | D        | Found Iroohesk's Identification Station.
     4 | D        | Found a shadowy altar of Dithmenos.
     4 | D        | Found a basalt altar of Yredelemnul.
     5 | D        | Found Ydedyshy's Advanced Armour.
     5 | D        | Found Sakliopp's Jewellery.
     5 | D        | Round 1.
     7 | D        | Noticed Jessica
    10 | D        | Found Larch's Premium Goods.
    13 | D        | Slain by Jessica

Illustrated notes

Levels and vault maps discovered:
D:        arena_sprint

Action                   || total
-------------------------++-------
Melee: Unarmed           ||     3
       Constrict         ||     1
       Tentacles         ||     1
 Cast: Foxfire           ||     3
Dodge: Dodged            ||     1

Table legend: (Time is in decaauts)
 A = Elapsed time spent in this place.
 B = Non-inter-level travel time spent in this place.
 C = Inter-level travel time spent in this place.
 D = Time resting spent in this place.
 E = Time spent auto-exploring this place.
 F = Levels seen in this place.
 G = Mean time per level.
                   A        B        C        D        E       F      G
               +--------+--------+--------+--------+--------+-----+--------+
         Total |     13 |     13 |      0 |      0 |      0 |   1 |   13.0 |
       Dungeon |     13 |     13 |      0 |      0 |      0 |   1 |   13.0 |
               +--------+--------+--------+--------+--------+-----+--------+

Top non-repeatable levels by time:
       D: 13 daAuts
